 Dungeon Crawl Stone Soup version 0.14.1-26-g5a19342 (webtiles) character file.

63 Kae the Ruffian (level 2, -1/25 HPs)
             Began as a Naga Transmuter on July 31, 2014.
             Slain by a quokka (3 damage)
             ... on Level 2 of the Dungeon.
             The game lasted 00:01:44 (1576 turns).

Kae the Ruffian (Naga Transmuter)                   Turns: 1576, Time: 00:01:45

HP  -1/25        AC  1     Str 12      XL: 2   Next: 50%
MP   3/4         EV 10     Int 13      God:
Gold 48          SH  0     Dex 11      Spells:  1 memorised,  4 levels left

rFire  . . .     SeeInvis +     f - +0 hand axe
rCold  . . .     Clarity  .     c - +0 robe
rNeg   . . .     Conserve .     (no shield)
rPois  +         rCorr    .     (no helmet)
rElec  .         rRot     .     (no cloak)
SustAb . .       Spirit   .     (no gloves)
rMut   .         Warding  .     (no barding)
Saprov . . .     Stasis   .     (no amulet)
MR     .....                    (no ring)
                                (no ring)

@: very slightly contaminated, very slow, not resistant to hostile enchantments,
unstealthy
A: spit poison, see invisible, deformed body, poison resistance, slowness 2
a: Spit Poison


You were on level 2 of the Dungeon.
You were very hungry.

You visited 1 branch of the dungeon, and saw 2 of its levels.

You collected 48 gold pieces.

Inventory:

Hand weapons
 f - a +0,+0 hand axe (weapon)
 m - a +1,+2 short sword
Missiles
 b - 12 arrows
Armour
 c - a +0 robe (worn)
Magical devices
 o - a wand of random effects (14) {unknown}
Comestibles
 a - 2 bread rations
Scrolls
 e - 2 scrolls of enchant weapon I {unknown}
 g - a scroll of identify {unknown}
 i - a scroll of magic mapping {unknown}
 j - 2 scrolls of teleportation {unknown}
 k - a scroll of recharging {unknown}
 l - a scroll of amnesia {unknown}
 p - a scroll of remove curse {unknown}
Potions
 h - a potion of might {unknown}
 n - 2 potions of curing
Books
 d - a book of Changes

   Spells                             Type                      Level
   *Beastly Appendage                 Transmutation                1
   Sticks to Snakes                   Transmutation                2
   Spider Form                        Transmutation/Poison         3
   Ice Form                           Ice/Transmutation            4
   Blade Hands                        Transmutation                5


   Skills:
 - Level 1.0 Fighting
 - Level 1.5 Dodging
 * Level 3.5 Unarmed Combat
 - Level 2.0 Spellcasting
 + Level 2.3 Transmutations


You had 4 spell levels left.
You knew the following spells:

 Your Spells              Type           Power        Failure   Level  Hunger
a - Beastly Appendage     Trmt           #.....       12%         1    ##.....


Dungeon Overview and Level Annotations

Branches:
Dungeon (2/15)

Altars:
Xom


Innate Abilities, Weirdness & Mutations

You cannot wear boots.
You can spit poison.
You have supernaturally acute eyesight.
Armour fits poorly on your strangely shaped body.
Your system is resistant to poisons.
You cover ground very slowly.


Message History

The quokka is moderately wounded.
You hit the quokka but do no damage. The quokka completely misses you.
The quokka bites you but does no damage.
The quokka barely misses you.
Unknown command.
Drink which item? (? for menu, Esc to quit)
You can't drink that!
Drink which item? (? for menu, Esc to quit)
You feel better.
It was a potion of curing.
The quokka closely misses you. The quokka bites you.
You hit the quokka but do no damage.
The quokka is moderately wounded.
You barely miss the quokka. The quokka bites you.
* * * LOW HITPOINT WARNING * * *
The quokka bites you.
* * * LOW HITPOINT WARNING * * *
The quokka bites you.
* * * LOW HITPOINT WARNING * * *
The quokka bites you.
You die...

#. #### .######. .....
........ ......
.....(... .......
..#####. # ....... #.
#.#####......b #.
#.....rr....... #.
#b.b..@###############.
#......................
#......################
#......# ########


You could see 2 quokkas.

Vanquished Creatures
  5 bats
  A giant cockroach (D:2)
  2 hobgoblins (D:1)
  2 kobolds (D:2)
  A quokka (D:2)
  2 giant newts (D:2)
  2 rats
15 creatures vanquished.

Notes
Turn   | Place    | Note
--------------------------------------------------------------
     0 | D:1      | Kae, the Naga Transmuter, began the quest for the Orb.
     0 | D:1      | Reached XP level 1. HP: 18/18 MP: 3/3
   873 | D:1      | Reached XP level 2. HP: 19/25 MP: 4/4
  1217 | D:2      | Found a shimmering altar of Xom.
  1576 | D:2      | Slain by a quokka

Action                   || total
-------------------------++-------
Melee: Hand axe          ||    51
       Unarmed           ||     6
       Short sword       ||    14
 Cast: Beastly Appendage ||     5
  Use: Potion            ||     1
